 Dungeon Crawl Stone Soup version 0.30-a0-739-gea05faddec (webtiles) character file.

Game seed: 17492560868345558139

676 ASSMAN the Carver (level 7, -7/52 HPs)
             Began as a Barachi Monk on Feb 5, 2023.
             Mangled by an ogre
             ... wielding a +0 giant club
              (29 damage)
             ... on level 4 of the Dungeon.
             The game lasted 00:05:37 (4342 turns).

ASSMAN the Carver (Barachi Monk)                    Turns: 4342, Time: 00:05:38

Health: -7/52      AC:  4    Str: 11 (12) XL:     7   Next: 60%
Magic:  7/7        EV: 13    Int: 15 (17) God:
Gold:   193        SH:  0    Dex: 15 (16) Spells: 6/6 levels left

rFire   . . .      SeeInvis .    a - +0 falchion
rCold   . . .      Faith    .    (no shield)
rNeg    + . .      Spirit   .    b - +0 robe
rPois   .          Reflect  .    c - +0 helmet
rElec   .          Harm     .    (no cloak)
rCorr   .          Rampage  .    j - +0 pair of gloves {Stlth+}
Will    .....                    (no boots)
Stlth   +++                      (no amulet)
HPRegen 0.28/turn                o - +6 ring of intelligence
MPRegen 0.10/turn                k - ring of positive energy

@: mighty, slow
A: amphibious, slowness 1, strong legs 1, +LOS
a: Hop


You were on level 4 of the Dungeon.
You visited 1 branch of the dungeon, and saw 4 of its levels.
You also visited: Sewer.

You collected 193 gold pieces.

Inventory:

Hand Weapons
 a - a +0 falchion (weapon)
Missiles
 q - 2 curare-tipped darts (quivered)
Armour
 b - a +0 robe (worn)
 c - a +0 helmet (worn)
 j - a +0 pair of gloves of stealth (worn)
Jewellery
 k - a ring of positive energy (right hand)
 o - a +6 ring of intelligence (left hand)
Scrolls
 d - 5 scrolls of poison
 e - 5 scrolls of identify {unknown}
 f - a scroll of enchant armour {unknown}
 g - 2 scrolls of fog {unknown}
 h - a scroll of amnesia {unknown}
 l - a scroll of vulnerability {unknown}
 p - 2 scrolls of teleportation {unknown}
 s - a scroll of brand weapon {unknown}
 u - a scroll of noise {unknown}
 w - a scroll of torment {unknown}
Potions
 m - a potion of degeneration
 n - a potion of might
 r - a potion of haste {unknown}
 t - 2 potions of heal wounds {unknown}
 v - a potion of flight
 x - a potion of resistance {unknown}


   Skills:
 - Level 3.6 Fighting
 + Level 10.3 Long Blades
 - Level 3.2 Dodging
 - Level 1.7 Stealth


You had 6 spell levels left.
You didn't know any spells.
Your spell library contained the following spells:

 Spells                   Type           Power      Damage    Failure   Level
 Sting                    Tmut/Pois      0%         1d3       26%         1
 Poisonous Vapours        Pois/Air       0%         N/A       38%         2
 Olgreb's Toxic Radiance  Pois           0%         N/A       95%         4
 Ozocubu's Refrigeration  Ice            0%         4d7       100%        7
 Ignition                 Fire           0%         3d3       100%        8


Dungeon Overview and Level Annotations

Branches:
Dungeon (4/15)              Sewer (visited)
 Temple: D:4-7

Altars:

Shops:
D:3 [

Annotations:
D:4 Edmund


Innate Abilities, Weirdness & Mutations

You are amphibious.
You cover ground slowly.
You can hop short distances.
You have an extended range of vision and can be seen from far away.


Message History

No target in view!
No target in view!
x - a silvery potion Key pressed, stopping explore.
No target in view!
p - 2 scrolls labelled POCOCEGOEM (gained 1)
You now have 193 gold pieces (gained 14).
An ogre comes into view. It is wielding a +0 giant club.
An ogre is nearby!
Found 5 gold pieces.
Edmund the Younger comes into view.
He is wielding a +1 dire flail of venom.
Edmund shouts!
Edmund says, "People will remember me!
They'll remember me and die!"
The ogre shouts!
Edmund says, "You wouldn't believe how much I paid for this flail."
Edmund closely misses you.
It was a potion of curing.
You feel better. The ogre misses you. Edmund misses you.
It was a potion of degeneration.
There was something very wrong with that liquid.
You feel weakened.
You feel dopey.
You feel clumsy.
Edmund hits you with a +1 dire flail of venom.
The ogre hits you with a +0 giant club!!
Ouch! That really hurt!
It was a potion of might.
You feel very mighty all of a sudden.
Edmund hits you with a +1 dire flail of venom.
* * * LOW HITPOINT WARNING * * *
You are poisoned.
Okay, then.
The air fills with toxic fumes!
As you read the scroll labelled ICZOLO QIFOI, it crumbles to dust.
It was a scroll of poison.
* * * LOW HITPOINT WARNING * * *
You feel very sick. The ogre misses you. Edmund misses you.
You feel better. Edmund completely misses you.
The ogre hits you with a +0 giant club!!
Ouch! That really hurt!
You die...

..§§# #.......... .§§#
##.....#...
##§##+####§#.#.....
#§§§§§§§§§§#.####..
#§§§§§§§§§§#.# #.#
#####§§§§§§§§§§#.# #.#
#§§§§§§§§§§§§§§#....#..
#§§§§O§§§§§§§§§........
#§§§§@@§§§§§§§§........
#§§§§§§###§§§§§##...#..
#§§§§§§# #...§§##...#..
#§§§§§§# #.....##...#.(
#§§§§§§# #.....##...#..
#§§§§§§# #.....#### #..
######## #.....# #..
### #.. #..


You could see Edmund and an ogre.

Vanquished Creatures
  7 kobold brigands (Sewer)
  An iguana (D:4)
  Robin (D:2)
  4 adders
  A gnoll (D:1)
  9 worms
  2 dart slugs
  3 endoplasms
  2 giant cockroaches (D:1)
  13 goblins
  10 hobgoblins
  13 kobolds
  A quokka (D:2)
  9 ball pythons
  8 bats
  4 frilled lizards
  9 rats
97 creatures vanquished.

Notes
Turn   | Place    | Note
-------+----------+-------------------------------------------
     0 | D:1      | ASSMAN the Barachi Monk began the quest for the Orb.
     0 | D:1      | Reached XP level 1. HP: 18/18 MP: 1/1
    91 | D:1      | Reached skill level 4 in Long Blades
    94 | D:1      | Reached XP level 2. HP: 12/24 MP: 2/2
   528 | D:1      | Reached skill level 5 in Long Blades
   528 | D:1      | Reached XP level 3. HP: 20/29 MP: 3/3
  1114 | D:2      | Noticed Robin
  1146 | D:2      | Reached XP level 4. HP: 19/36 MP: 4/4
  1147 | D:2      | Killed Robin
  1149 | D:2      | Reached skill level 6 in Long Blades
  2229 | D:3      | Found a glowing drain.
  2244 | D:3      | Reached XP level 5. HP: 36/41 MP: 5/5
  2268 | Sewer    | Entered a sewer
  2469 | Sewer    | Noticed a kobold brigand
  2487 | Sewer    | Killed a kobold brigand
  2488 | Sewer    | Reached skill level 7 in Long Blades
  2753 | Sewer    | Noticed a kobold brigand
  2765 | Sewer    | Killed a kobold brigand
  2766 | Sewer    | Reached skill level 8 in Long Blades
  2766 | Sewer    | Reached XP level 6. HP: 38/47 MP: 6/6
  2937 | Sewer    | Reached skill level 9 in Long Blades
  3073 | Sewer    | Reached XP level 7. HP: 19/52 MP: 7/7
  3526 | Sewer    | Reached skill level 10 in Long Blades
  3913 | D:3      | Found Berchis's Armour Shop.
  4334 | D:4      | Noticed Edmund
  4342 | D:4      | Mangled by an ogre

Illustrated notes

Levels and vault maps discovered:
D:1:      kennysheep_arrival_forest, layout_basic
D:2:      layout_basic, serial_forest, infiniplex_forest_join,
          infiniplex_forest_clump_curved, infiniplex_forest_straight_2,
          infiniplex_forest_corner_1, infiniplex_forest_clump_diagonal,
          infiniplex_forest_straight_2, infiniplex_forest_lined_room_,
          infiniplex_forest_clump_small, infiniplex_forest_corner_2,
          infiniplex_forest_corner_1, nrook_mini_vaults, uniq_robin
D:3:      layout_loops_ring, serial_shops, nicolae_shop_trees,
          cheibrodos_sewer_entry_sluice
D:4:      layout_basic, mainiacjoe_overflow_catwalk, mainiacjoe_overflow_paths,
          grunt_ministairs_13, uniq_eustachio, uniq_grinder, uniq_edmund

Skill      XL: |  1  2  3  4  5  6  7 |
---------------+----------------------+-----
Long Blades    | 4 5 6 8 9 10 | 10.3
Fighting       | |  3.6
Dodging        | |  3.2
Stealth        | |  1.7

Action                     |  1- 3 |  4- 6 |  7- 9 || total
---------------------------+-------+-------+-------++-------
  Melee: Falchion          |    97 |   217 |    72 ||   386
         Punch             |     2 |     1 |     2 ||     5
    Use: Potion            |     2 |       |     4 ||     6
         Scroll            |       |       |     1 ||     1
   Stab: Sleeping          |     6 |     5 |     8 ||    19
         Distracted        |       |       |     1 ||     1
 Armour: Robe              |    18 |    26 |     6 ||    50
  Dodge: Dodged            |    77 |   117 |    29 ||   223

Table legend: (Time is in decaauts)
 A = Elapsed time spent in this place.
 B = Non-inter-level travel time spent in this place.
 C = Inter-level travel time spent in this place.
 D = Time resting spent in this place.
 E = Time spent auto-exploring this place.
 F = Levels seen in this place.
 G = Mean time per level.
                   A        B        C        D        E       F      G
               +--------+--------+--------+--------+--------+-----+--------+
         Total |   4860 |   4776 |     84 |    299 |   3556 |   5 |  972.0 |
       Dungeon |   3387 |   3303 |     84 |      0 |   2718 |   4 |  846.8 |
         Sewer |   1472 |   1472 |      0 |    299 |    837 |   1 | 1472.0 |
               +--------+--------+--------+--------+--------+-----+--------+

Top non-repeatable levels by time:
   Sewer: 1472 daAuts
     D:2: 1200 daAuts
     D:1: 1168 daAuts
     D:3: 879 daAuts
     D:4: 139 daAuts
